Map: Terraform LE (Void)

Players

Zypher - Winner!

  • Race: Zerg Zerg
  • League: Diamond

WhiteRa

  • Race: Protoss Protoss
  • League: Diamond

VOD

Have the link to the VOD?

Description

Time

  • Played on: Sept. 3, 2015, 11:48 a.m.
  • Length: 18:12
Show
View Real Time Build Order
Export as new Build Order

Zypher Zerg - Winner!

Build Orders: Hatch First, Lurkers 

Get SALT Encoding   

  12  0:01  Drone  
  13  0:12  Overlord  
  13  0:22  Drone  
  13  0:27  Extractor  
  13  0:28  Drone  
  14  0:32  Drone  
  16  0:50  Hatchery  
  16  0:53  Drone  
  16  0:57  Extractor  
  16  0:58  Drone  
  16  1:04  Drone  
  17  1:16  Spawning Pool  
  16  1:22  Drone  
  17  1:27  Drone  
  18  1:33  Drone  
  18  1:39  Drone  
  20  1:49  Overlord  
  20  2:03  Metabolic Boost, Queen  
  20  2:05  Queen  
  24  2:09  Zergling x2  
  24  2:15  Drone x2  
  27  2:25  Drone x2  
  27  2:27  Overlord  
  29  2:39  Drone x2  
  29  2:41  Queen  
  33  2:51  Drone  
  33  2:52  Drone  
  33  2:56  Drone x2  
  37  3:06  Overlord  
  37  3:11  Zergling x4  
  37  3:12  Hatchery  
  38  3:13  Zergling x2  
  38  3:19  Drone x2  
  42  3:20  Drone  
  42  3:26  Drone x2  
  44  3:29  Extractor  
  43  3:39  Drone x2  
  45  3:43  Roach Warren  
  45  3:44  Evolution Chamber  
  45  3:47  Drone  
  45  3:48  Drone, Overlord  
  45  3:53  Drone x3  
  48  3:58  Drone  
  48  3:59  Lair  
  48  4:00  Drone  
  50  4:07  Drone  
  51  4:15  Drone  
  51  4:16  Zerg Missile Weapons Level 1, Drone x2  
  54  4:18  Drone  
  54  4:20  Drone, Extractor  
  55  4:31  Queen  
  55  4:36  Overlord  
  55  4:37  Overlord x3  
  57  5:00  Drone x2  
  57  5:02  Hydralisk Den, Extractor  
  57  5:04  Roach x5  
  57  5:06  Glial Reconstitution  
  67  5:07  Hatchery  
  66  5:18  Spore Crawler  
  66  5:20  Overseer  
  65  5:22  Overlord x2  
  65  5:23  Drone x3  
  65  5:24  Drone  
  69  5:32  Ravager x3  
  72  5:37  Drone x4  
  74  5:53  Hydralisk x4  
  74  5:56  Drone x4  
  74  5:57  Drone x3  
  89  6:05  Lurker Den  
  89  6:12  Drone  
  89  6:13  Drone x3, Overlord x2  
  89  6:17  Drone  
  94  6:23  Drone x3  
  94  6:24  Drone x2  
  99  6:32  Extractor  
  95  6:59  Drone x3  
  95  7:00  Drone x6  
  104  7:03  Hydralisk x3, Extractor  
  104  7:04  Roach x2  
  113  7:19  Hatchery  
  113  7:20  Spine Crawler  
  113  7:22  Spine Crawler x2  
  109  7:24  Zerg Missile Weapons Level 2  
  109  7:26  Queen  
  109  7:27  Overlord x3  
  109  7:28  Hydralisk x2, Roach  
  109  7:29  Roach  
  119  7:44  Overlord x2  
  119  7:47  Lurker  
  119  7:48  Lurker x4  
  119  7:51  Muscular Augments  
  124  7:54  Drone x2  
  124  7:55  Infestation Pit  
  125  8:05  Hydralisk x3  
  125  8:06  Hydralisk, Roach x5  
  125  8:12  Lurker  
  144  8:15  Overlord x4  
  144  8:17  Drone x2  
  146  8:23  Overlord  
  146  8:24  Overlord  
  146  8:30  Extractor  
  146  8:32  Extractor  
  144  8:46  Hydralisk x5, Roach x2  
  144  8:47  Roach x3  
  164  8:49  Hive  
  164  8:52  Extractor  
  164  8:58  Hatchery  
  163  9:08  Hydralisk  
  163  9:09  Hydralisk x7  
  179  9:17  Evolution Chamber  
  176  9:43  Lurker  
  177  9:53  Pneumatized Carapace  
  177  9:54  Zerg Ground Armor Level 1  
  160  10:27  Viper  
  160  10:28  Viper x5  
  145  10:42  Hydralisk  
  145  10:43  Hydralisk x3, Roach x3  
  145  10:44  Roach x3  
  158  10:53  Drone  
  158  10:54  Drone x6  
  165  10:57  Drone x4  
  160  11:25  Extractor  
  159  11:29  Extractor  
  158  11:33  Hydralisk  
  158  11:34  Hydralisk x7, Roach x3  
  158  11:35  Hydralisk x2, Roach x7  
  196  11:43  Overlord x6  
  196  11:44  Overlord  
  191  11:51  Hatchery  
  161  12:11  Hydralisk x7, Roach x2  
  161  12:12  Roach x5  
  175  12:23  Evolution Chamber  
  175  12:24  Evolution Chamber  
  175  12:26  Hydralisk x2  
  175  12:27  Roach x3  
  175  12:29  Roach  
  181  12:34  Hatchery  
  181  12:35  Drone x3  
  183  12:52  Hydralisk x2, Roach  
  183  12:55  Drone  
  165  13:42  Hydralisk x6, Roach x2  
  165  13:43  Roach x4  
  118  14:30  Hydralisk x6  
  97  15:48  Drone x5  
  97  15:49  Drone x3  
  105  16:11  Zergling x6  
  108  16:42  Drone x3, Spawning Pool  
  34  17:31  Zergling x2  
  34  17:32  Zergling x8  
  36  17:49  Zergling x6  
Show
View Real Time Build Order
Export as new Build Order

WhiteRa Protoss 

Build Orders: Nexus First 

Get SALT Encoding   

  12  0:02  Probe (Chrono Boost)  
  14  0:14  Probe (Chrono Boost)  
  14  0:18  Pylon  
  14  0:26  Probe (Chrono Boost)  
  15  0:39  Probe (Chrono Boost)  
  17  0:51  Probe (Chrono Boost)  
  17  0:59  Nexus  
  17  1:04  Probe (Chrono Boost)  
  18  1:13  Gateway  
  18  1:17  Probe (Chrono Boost)  
  19  1:29  Probe (Chrono Boost)  
  20  1:36  Pylon  
  20  1:38  Assimilator  
  21  1:40  Assimilator  
  21  1:41  Probe (Chrono Boost)  
  21  1:53  Probe (Chrono Boost)  
  22  2:05  Probe (Chrono Boost)  
  22  2:07  Cybernetics Core  
  23  2:13  Probe (Chrono Boost)  
  24  2:17  Probe (Chrono Boost), Zealot  
  27  2:25  Probe (Chrono Boost)  
  29  2:30  Probe (Chrono Boost), Warp Gate  
  30  2:38  Probe (Chrono Boost)  
  30  2:42  Probe (Chrono Boost), Pylon  
  30  2:44  Stalker  
  33  2:50  Probe (Chrono Boost)  
  34  2:54  Probe (Chrono Boost)  
  34  2:55  Pylon  
  35  3:02  Probe (Chrono Boost)  
  37  3:06  Probe (Chrono Boost)  
  37  3:14  Probe (Chrono Boost), Robotics Facility  
  40  3:20  Mothership Core (Chrono Boost), Gateway  
  40  3:24  Assimilator  
  41  3:27  Probe (Chrono Boost), Assimilator  
  41  3:39  Probe x2 (Chrono Boost)  
  43  3:41  Pylon  
  43  3:47  Sentry  
  45  3:51  Probe (Chrono Boost)  
  45  3:53  Gateway  
  46  3:58  Gateway  
  46  4:02  Probe (Chrono Boost)  
  51  4:10  Warp Prism  
  51  4:14  Sentry  
  51  4:16  Probe x2 (Chrono Boost)  
  53  4:19  Sentry  
  55  4:28  Probe x2 (Chrono Boost)  
  57  4:35  Gateway  
  57  4:38  Gateway  
  57  4:40  Pylon  
  59  4:46  Observer  
  60  4:57  Probe x2 (Chrono Boost), Gateway  
  60  5:00  Gateway  
  60  5:04  Adept x3  
  60  5:05  Adept  
  68  5:07  Immortal  
  72  5:22  Pylon  
  72  5:30  Zealot  
  72  5:31  Adept x2  
  78  5:37  Pylon x2  
  78  5:39  Pylon  
  78  5:41  Pylon  
  78  5:43  Pylon  
  78  5:57  Nexus  
  78  6:00  Immortal  
  82  6:05  Pylon  
  82  6:10  Sentry x5  
  92  6:15  Adept  
  94  6:23  Probe (Chrono Boost)  
  94  6:24  Probe (Chrono Boost)  
  96  6:36  Probe x2 (Chrono Boost)  
  96  6:37  Forge  
  93  6:48  Probe (Chrono Boost)  
  93  6:52  Probe (Chrono Boost)  
  92  6:54  Robotics Bay  
  92  6:59  Assimilator  
  92  7:00  Probe (Chrono Boost)  
  93  7:01  Assimilator  
  93  7:04  Probe (Chrono Boost)  
  94  7:10  Forge  
  94  7:12  Probe (Chrono Boost)  
  94  7:14  Stalker  
  94  7:15  Stalker x3  
  104  7:16  Probe (Chrono Boost), Pylon  
  104  7:19  Observer  
  104  7:21  Protoss Ground Weapons Level 1  
  107  7:23  Probe (Chrono Boost)  
  107  7:24  Probe (Chrono Boost)  
  107  7:28  Probe (Chrono Boost)  
  108  7:36  Probe x2 (Chrono Boost)  
  110  7:41  Probe (Chrono Boost)  
  110  7:44  Photon Cannon  
  111  7:46  Disruptor  
  111  7:48  Probe (Chrono Boost)  
  115  7:53  Stalker x3  
  115  7:55  Protoss Ground Armor Level 1  
  121  8:00  Twilight Council  
  121  8:03  Probe x3 (Chrono Boost)  
  124  8:09  Pylon  
  124  8:15  Zealot x2  
  124  8:16  Zealot x2  
  132  8:22  Disruptor  
  135  8:37  Blink  
  135  8:47  Stalker x7  
  135  8:48  Stalker  
  151  8:57  Disruptor  
  154  9:08  Pylon  
  154  9:10  Pylon  
  154  9:16  Protoss Ground Weapons Level 2  
  154  9:24  Stalker x3  
  154  9:25  Stalker x2  
  164  9:32  Pylon  
  164  9:33  Disruptor  
  164  9:34  Nexus, Pylon  
  164  9:37  Pylon  
  167  9:53  Protoss Ground Armor Level 2  
  167  10:06  Adept x5  
  177  10:09  Stalker x3, Disruptor  
  166  10:45  Disruptor  
  166  10:49  Stalker x6  
  181  10:50  Stalker x2  
  185  10:59  Photon Cannon  
  185  11:01  Photon Cannon  
  185  11:03  Photon Cannon  
  185  11:22  Stalker x3  
  185  11:23  Stalker x3  
  197  11:29  Photon Cannon  
  197  11:31  Assimilator  
  197  11:35  Observer  
  197  11:36  Protoss Ground Weapons Level 3, Assimilator  
  139  12:13  Disruptor  
  139  12:14  Templar Archives  
  136  12:29  Stalker  
  136  12:30  Stalker x6  
  136  12:31  Stalker  
  150  12:48  Gateway, Disruptor  
  150  12:49  Psionic Storm  
  150  12:50  Gateway  
  151  12:52  Gateway  
  151  12:53  High Templar  
  151  12:54  High Templar  
  151  12:55  High Templar x4  
  148  13:18  Zealot x2  
  152  13:27  Cybernetics Core  
  150  13:28  High Templar x3  
  150  13:29  High Templar x2  
  150  13:34  Archon x2  
  144  13:37  Pylon  
  130  13:49  Pylon  
  130  13:51  Pylon x2  
  130  13:52  Pylon  
  130  13:54  Pylon  
  82  14:26  Stalker x4  
  68  14:58  Pylon  
  64  15:04  Pylon  
  64  15:06  Pylon  
  47  15:41  Pylon  
Tags
 
Add a new tag
Caveats
  • Supply blocks, unpowered buildings, or Contaminate may cause inaccurate times.
  • Supply counts are checked every 10 seconds.